 Dungeon Crawl Stone Soup version 0.23-a0-386-g9c9d49f (webtiles) character file.

8346 Cryolive the Geomancer (level 11, -22/64 HPs)
             Began as a Gargoyle Earth Elementalist on Oct 28, 2018.
             Was a Believer of Vehumet.
             Annihilated by a catoblepas (23 damage)
             ... on level 10 of the Dungeon on Oct 29, 2018.
             The game lasted 00:54:27 (12863 turns).

Cryolive the Geomancer (GrEE)                      Turns: 12863, Time: 00:54:27

Health: -22/64     AC: 15    Str: 13    XL:     11   Next: 29%
Magic:  0/20       EV: 13    Int: 18    God:    Vehumet [**....]
Gold:   448        SH:  0    Dex: 10    Spells: 14/23 levels left

rFire    . . .     SeeInvis .   G - staff of wizardry
rCold    . . .     Gourm    .   (no shield)
rNeg     + . .     Faith    .   c - +0 robe
rPois    ∞         Spirit   .   s - +2 helmet
rElec    +         Reflect  .   (no cloak)
rCorr    .         Harm     .   w - +0 pair of gloves
MR       .....                  (no boots)
Stlth    ++........             (no amulet)
HPRegen  0.20/turn              q - ring of wizardry
MPRegen  0.17/turn              (no ring)

@: invisible
A: negative energy resistance 1, electricity resistance, unbreathing,
petrification resistance, rot immunity, AC +8
a: Renounce Religion


You were on level 10 of the Dungeon.
You worshipped Vehumet.
Vehumet was pleased with you.
You were not hungry.

You visited 1 branch of the dungeon, and saw 10 of its levels.

You collected 448 gold pieces.

Inventory:

Missiles
 b - 174 stones (quivered)
 L - 6 curare-tipped needles
Armour
 c - a +0 robe (worn)
 s - a +2 helmet (worn)
 w - a +0 pair of gloves (worn)
 C - a +0 large shield
Magical Staves
 G - an uncursed staff of wizardry (weapon)
Jewellery
 q - a ring of wizardry (left hand)
Wands
 v - a wand of iceblast (5)
 z - a wand of enslavement (10)
 D - a wand of flame (23)
 F - a wand of polymorph (8)
Scrolls
 f - 2 scrolls of magic mapping
 i - 4 scrolls of teleportation
 k - 2 scrolls of blinking {unknown}
 l - 3 scrolls of amnesia {unknown}
 p - a scroll of identify
 x - 2 scrolls of fog {unknown}
 y - a scroll of enchant weapon {unknown}
 H - a scroll of torment {unknown}
 J - a scroll of enchant armour {unknown}
 K - 2 scrolls of immolation {unknown}
Potions
 a - a potion of magic
 e - 3 potions of haste
 g - a potion of flight
 h - a potion of lignification {unknown}
 j - a potion of invisibility
 m - a potion of heal wounds {unknown}
 o - 3 potions of might
 u - a potion of agility {unknown}
 B - a potion of ambrosia {unknown}
 E - a potion of degeneration {unknown}
Comestibles
 d - 8 rations
 r - 6 chunks of flesh


   Skills:
 + Level 5.9 Fighting
 + Level 4.6 Staves
 + Level 5.8 Armour
 + Level 4.8 Dodging
 - Level 2.1 Stealth
 - Level 4.0 Shields
 + Level 6.5 Spellcasting
 + Level 7.0 Conjurations
   Level 0.7 Transmutations
 + Level 9.1 Earth Magic
 + Level 4.9 Evocations


You had 14 spell levels left.
You knew the following spells:

 Your Spells              Type           Power        Failure   Level  Hunger
a - Sandblast             Erth           #####.       1%          1    None
b - Stone Arrow           Conj/Erth      ####..       1%          3    ##.....
c - Lee's Rapid Deconstr  Erth           #####.....   2%          5    #####..

Your spell library contained the following spells:

 Spells                   Type           Power        Failure   Level  Hunger
 Mephitic Cloud           Conj/Pois/Air  ##......     3%          3    ##.....
 Passwall                 Tmut/Erth      ###.....     1%          2    None
 Dazzling Spray           Conj/Hex       ###...       2%          3    ##.....
 Corona                   Hex            #......      3%          1    None
 Ensorcelled Hibernation  Hex/Ice        #.....       4%          2    None
 Petrify                  Tmut/Erth      ###.....     4%          4    ####...
 Confuse                  Hex            #.......     10%         3    ##.....
 Tukima's Dance           Hex            #.......     10%         3    ##.....


Dungeon Overview and Level Annotations

Branches:
Dungeon (10/15)            Temple (0/1) D:6            Lair (0/6) D:9
    Orc: D:9-12

Altars:
Ashenzari
Dithmenos
Okawaru
Qazlal
Trog
Uskayaw
Vehumet
Xom

Shops:
D:4 (

Annotations:
D:10 2 runed doors


Innate Abilities, Weirdness & Mutations

You are resistant to torment.
Your stone body is resilient. (AC +8)
You are immune to poison.
You resist negative energy. (rN+)
You are resistant to electric shocks. (rElec)
You can survive without breathing.
You are immune to petrification.
You are immune to rotting.


Message History

The catoblepas is moderately wounded.
The catoblepas gores you!!
* * * LOW HITPOINT WARNING * * *
Casting: Sandblast (safe; 1% risk of failure)
Confirm with . or Enter, or press ? or * to list all spells.
Aiming: Sandblast (safe; 1% risk of failure)
Press: ? - help, Shift-Dir - straight line, f/p - catoblepas
Aim: a catoblepas (moderately wounded)
The blast of sand hits the catoblepas.
The catoblepas is moderately wounded.
b - 174 stones The catoblepas gores you!
* * * LOW HITPOINT WARNING * * *
As you read the scroll of fear, it crumbles to dust.
You assume a fearsome visage.
The catoblepas resists with almost no effort.
The catoblepas closely misses you.
You fade into invisibility!
The catoblepas gores you!!
You die...

......[....## #............#
#..).........# ##
##............######## ...
#..#..................
...#####.#.........W#.######
.................##.#W##
.........#.....Y##.#.Y#
#.....##.....@)..##.#
#.....##....(.##.##c#
#.....)...###<##.##O#
#....###### #.##.##l.#
#....# #.##..##...
###.#..#### #(.##. ..O.#
#.........######. .. ....#
##................. ..
..)... #.................
.......


You could see a catoblepas.

Vanquished Creatures
  A two-headed ogre (D:9)
  A komodo dragon (D:9)
  2 trolls
  2 hornets
  Prince Ribbit (D:7)
  2 hippogriffs
  Sigmund (D:6)
  A wyvern (D:8)
  A wraith (D:10)
  5 yaks
  Grum (D:8)
  Eustachio (D:6)
  2 hungry ghosts
  A water moccasin (D:5)
  2 sky beasts
  4 ice beasts
  2 orc warriors
  A phantom (D:9)
  7 ogres
  A black bear (D:9)
  4 wolves
  5 centaurs
  2 big kobolds
  3 bullfrogs
  5 scorpions
  2 howler monkeys (D:5)
  2 crimson imps
  2 bullfrog zombies
  5 hounds
  A gnoll shaman (D:8)
  3 orc priests
  8 orc wizards
  A bullfrog skeleton (D:5)
  4 iguanas
  Ijyb (D:3)
  11 worker ants
  Natasha (thrice) (D:3)
  A killer bee zombie (D:8)
  2 hound zombies
  A howler monkey zombie (D:8)
  6 gnolls
  4 adders
  2 shadow imps
  2 worms
  2 dart slugs
  3 leopard geckos
  21 orcs
  A ball python (D:2)
  4 giant cockroaches
  4 goblins
  9 hobgoblins
  14 jackals
  5 quokkas
  5 bats
  4 frilled lizards (D:1)
  2 jackal skeletons (D:5)
  20 kobolds
  A leopard gecko skeleton (D:4)
  A leopard gecko zombie (D:5)
  A quokka skeleton (D:5)
  3 rats
  2 plants (D:9)
221 creatures vanquished.

Vanquished Creatures (others)
  20 plants (D:9)
  4 toadstools (D:2)
24 creatures vanquished.

Grand Total: 245 creatures vanquished

Notes
Turn   | Place    | Note
-------+----------+-------------------------------------------
     0 | D:1      | Cryolive the Gargoyle Earth Elementalist began the quest
                  | for the Orb.
     0 | D:1      | Reached XP level 1. HP: 10/10 MP: 3/3
     3 | D:1      | Noticed an electric eel
     3 | D:1      | Noticed an electric eel
   114 | D:1      | Reached XP level 2. HP: 12/15 MP: 5/5
   115 | D:1      | Reached skill level 4 in Earth Magic
   692 | D:1      | Reached XP level 3. HP: 14/19 MP: 7/7
   697 | D:1      | Learned a level 3 spell: Stone Arrow
  1863 | D:2      | Reached skill level 1 in Conjurations
  2029 | D:2      | Reached XP level 4. HP: 5/24 MP: 8/8
  2969 | D:3      | Noticed Natasha
  2973 | D:3      | Killed Natasha
  3112 | D:3      | Noticed Natasha
  3116 | D:3      | Killed Natasha
  3116 | D:3      | Reached skill level 5 in Earth Magic
  3116 | D:3      | Reached XP level 5. HP: 20/28 MP: 0/9
  3208 | D:3      | Noticed Ijyb
  3227 | D:3      | Killed Ijyb
  3351 | D:3      | Found a stormy altar of Qazlal.
  3351 | D:3      | Noticed Natasha
  3355 | D:3      | Killed Natasha
  3735 | D:4      | Noticed an ogre
  3747 | D:4      | Killed an ogre
  3747 | D:4      | Reached XP level 6. HP: 32/32 MP: 4/12
  3768 | D:4      | Learned a level 5 spell: Lee's Rapid Deconstruction
  4023 | D:4      | Reached skill level 6 in Earth Magic
  4332 | D:4      | Reached XP level 7. HP: 36/37 MP: 8/13
  4446 | D:4      | Found Gimpext's Weapon Boutique.
  4492 | D:4      | Reached skill level 1 in Fighting
  4492 | D:4      | Reached skill level 1 in Armour
  4553 | D:5      | Entered Level 5 of the Dungeon
  4612 | D:5      | Reached skill level 1 in Evocations
  5182 | D:5      | Reached XP level 8. HP: 36/44 MP: 0/14
  5482 | D:5      | Found a radiant altar of Vehumet.
  5485 | D:5      | Found an iron altar of Okawaru.
  5584 | D:5      | Found a shimmering altar of Xom.
  5833 | D:6      | Noticed Sigmund
  5860 | D:6      | Killed Sigmund
  5860 | D:6      | Reached skill level 1 in Staves
  5860 | D:6      | Reached skill level 1 in Shields
  6228 | D:6      | Reached skill level 7 in Earth Magic
  6302 | D:6      | Reached skill level 5 in Spellcasting
  6302 | D:6      | Reached XP level 9. HP: 49/51 MP: 5/16
  6510 | D:6      | Found a staircase to the Ecumenical Temple.
  6666 | D:6      | Found a shattered altar of Ashenzari.
  7189 | D:6      | Found a shadowy altar of Dithmenos.
  7200 | D:6      | Got an ancient spear
  7215 | D:6      | Noticed Eustachio
  7223 | D:6      | Killed Eustachio
  7223 | D:6      | Reached skill level 5 in Conjurations
  7295 | D:5      | Found a hide-covered altar of Uskayaw.
  7306 | D:5      | Became a worshipper of Vehumet
  7526 | D:7      | Noticed Prince Ribbit
  7535 | D:7      | Killed Prince Ribbit
  8497 | D:8      | Found a bloodstained altar of Trog.
  8724 | D:8      | Reached * piety under Vehumet
  8724 | D:8      | Offered knowledge of Shock by Vehumet.
  8977 | D:8      | Noticed a hornet
  9014 | D:8      | Killed a hornet
  9017 | D:8      | Reached XP level 10. HP: 44/58 MP: 2/18
  9296 | D:8      | Reached skill level 8 in Earth Magic
 10113 | D:9      | Noticed Grum
 10495 | D:8      | Killed Grum
 10534 | D:9      | Noticed a two-headed ogre
 10654 | D:9      | Killed a two-headed ogre
 10654 | D:9      | Reached skill level 5 in Fighting
 10654 | D:9      | Reached skill level 5 in Armour
 10839 | D:9      | Got a transparent chain mail
 10916 | D:9      | Reached ** piety under Vehumet
 10916 | D:9      | Offered knowledge of Flame Tongue by Vehumet.
 11240 | D:9      | Reached XP level 11. HP: 64/64 MP: 14/20
 11595 | D:9      | Offered knowledge of Mephitic Cloud by Vehumet.
 12145 | D:9      | Reached skill level 9 in Earth Magic
 12275 | D:9      | Found a staircase to the Lair.
 12500 | D:9      | Identified the +5 spear "Ryuf" {drain, Fragile +Blink MR+}
                  | (You found it on level 6 of the Dungeon)
 12526 | D:9      | Identified the +8 chain mail of Immorality {Str+3} (You
                  | found it on level 9 of the Dungeon)
 12599 | D:10     | Entered Level 10 of the Dungeon
 12623 | D:10     | Found a runed gate.
 12623 | D:10     | Found a runed gate.
 12670 | D:10     | Noticed a catoblepas
 12861 | D:10     | HP: 1/64 [catoblepas (14)]
 12863 | D:10     | Annihilated by a catoblepas

Vault maps used:
D:1:      arrival_aquarium_b
D:2:      st_stairs_14, kennysheep_nondescript, minmay_gold_behind_fungi
D:3:      kennysheep_flooded_box, uniq_ijyb, uniq_natasha
D:4:      serial_shops, kennysheep_mini_moat, first_ration
D:5:      nicolae_overflow_hidden_temple, serial_park_tiny_pond
D:6:      evilmike_ruin_ashenzari, minmay_temple_entry_from_below_a,
          basic_altar, chequers_serial_rivers_marsh, uniq_sigmund,
          uniq_eustachio
D:7:      uniq_prince_ribbit1
D:8:      bloody_trog, serial_glass, glass_columns_b, glass_columns_a
D:9:      david_lair_shrubbed, uniq_grum
D:10:     ploomutoo_gammafunk_ghost_potion_laboratory, hangedman_stone_soup

Skill      XL: |  1  2  3  4  5  6  7  8  9 10 11 |
---------------+----------------------------------+-----
Earth Magic    | 4 5 6 7 8 9 |  9.1
Conjurations   | 1 3 4 5 6 7 |  7.0
Spellcasting   | 3 4 5 6 |  6.5
Fighting       | 2 3 4 5 |  5.9
Armour         | 2 3 4 5 |  5.8
Dodging        | 2 3 4 |  4.8
Evocations     | 1 2 3 4 |  4.9
Staves         | 1 3 4 |  4.6
Shields        | 1 3 4 |  4.0
Stealth        | |  2.1
Transmutations | |  0.7

Action                   |  1- 3 |  4- 6 |  7- 9 | 10-12 || total
-------------------------+-------+-------+-------+-------++-------
Melee: Dagger            |   167 |       |       |       ||   167
       Unarmed           |    17 |       |       |       ||    17
       Mace              |    20 |    89 |   145 |       ||   254
       Staff             |       |       |   177 |   553 ||   730
 Cast: Sandblast         |    19 |    22 |    43 |    27 ||   111
       Stone Arrow       |       |    14 |    80 |   113 ||   207
       Lee's Rapid Decon |       |       |     1 |     6 ||     7
  Use: Scroll            |       |     4 |     4 |     9 ||    17
       Potion            |       |       |       |     2 ||     2
 Stab: Sleeping          |     5 |       |     3 |       ||     8
  Eat: Chunk             |     4 |     9 |    16 |    14 ||    43
       Ration            |       |       |     1 |     2 ||     3
Armor: Robe              |    78 |    52 |   189 |   204 ||   523
Dodge: Dodged            |   161 |    93 |   220 |   313 ||   787

Table legend:
 A = Non-vault XP
 B = Vault XP
 C = Vault XP percentage of total XP
 D = Non-vault monster count
 E = Vault monster count
 F = Vault count percentage of total count
                 A         B        C        D         E       F
            +---------+---------+-------+---------+---------+-------
      Total |   10107 |    1817 |  15.2 |     207 |      12 |   5.5
            +---------+---------+-------+---------+---------+-------
        D:1 |      41 |       0 |   0.0 |      25 |       0 |   0.0
        D:2 |      45 |       2 |   4.3 |      21 |       1 |   4.5
        D:3 |      84 |      69 |  45.1 |       9 |       2 |  18.2
        D:4 |     462 |       0 |   0.0 |      17 |       0 |   0.0
        D:5 |     819 |       0 |   0.0 |      22 |       0 |   0.0
        D:6 |    1049 |     411 |  28.2 |      19 |       2 |   9.5
        D:7 |     642 |     264 |  29.1 |      16 |       1 |   5.9
        D:8 |    2085 |     433 |  17.2 |      30 |       3 |   9.1
        D:9 |    3961 |     638 |  13.9 |      42 |       3 |   6.7
       D:10 |     919 |       0 |   0.0 |       6 |       0 |   0.0
            +---------+---------+-------+---------+---------+-------
